 Dungeon Crawl Stone Soup version 0.28.0-53-g5a82cb258f (webtiles) character file.

Game seed: 6348256267904169395

5 Sin92 the Magician (level 1, 0/13 HPs)
             Began as a Demonspawn Hedge Wizard on July 12, 2022.
             Slain by a kobold
             ... wielding a +0 club
              (4 damage)
             ... on level 1 of the Dungeon.
             The game lasted 00:00:22 (245 turns).

Sin92 the Magician (Demonspawn Hedge Wizard)         Turns: 245, Time: 00:00:22

Health: 0/13       AC:  2    Str: 10    XL:     1   Next: 66%
Magic:  4/4        EV: 12    Int: 15    God:
Gold:   33         SH:  0    Dex: 12    Spells: 5/6 levels left

rFire   . . .      SeeInvis .   a - +0 dagger
rCold   . . .      Faith    .   (no shield)
rNeg    . . .      Spirit   .   b - +0 robe
rPois   .          Reflect  .   c - +0 hat
rElec   .          Harm     .   (no cloak)
rCorr   .          Rampage  .   (no gloves)
Will    .....                   (no boots)
Stlth   ++........              (no amulet)
HPRegen 0.04/turn               (no ring)
MPRegen 0.09/turn               (no ring)

@: no status effects
A: no striking features
a: no special abilities


You were on level 1 of the Dungeon.
You visited 1 branch of the dungeon, and saw 1 of its levels.

You collected 33 gold pieces.

Inventory:

Hand Weapons
 a - a +0 dagger (weapon)
Armour
 b - a +0 robe (worn)
 c - a +0 hat (worn)


   Skills:
 + Level 0.2 Fighting
 + Level 0.2 Short Blades
 + Level 1.8 Dodging
 + Level 1.8 Stealth
 + Level 3.0 Spellcasting
 + Level 1.1 Conjurations
 - Level 1.0 Summonings
 + Level 1.0 Translocations


You had 5 spell levels left.
You knew the following spells:

 Your Spells              Type           Power      Damage    Failure   Level
a - Magic Dart            Conj           20%        1d4       13%         1

Your spell library contained the following spells:

 Spells                   Type           Power      Damage    Failure   Level
 Slow                     Hex            8%         N/A       21%         1
 Blink                    Tloc           10%        N/A       21%         2
 Call Imp                 Summ           5%         N/A       21%         2
 Conjure Flame            Conj/Fire      3%         6-21      43%         3
 Mephitic Cloud           Conj/Pois/Air  3%         N/A       45%         3


Dungeon Overview and Level Annotations

Branches:
Dungeon (1/15)

Altars:


Message History

You now have 33 gold pieces (gained 11).
A ball python comes into view.
A ball python is nearby!
A ball python is nearby!
The helpless ball python fails to defend itself.
You hit the ball python.
You kill the ball python!
You see here a ball python corpse.
A kobold comes into view. It is wielding a +0 club.
The kobold shouts!
A kobold is nearby!
A kobold is nearby!
The kobold closely misses you.
A kobold is nearby!
You hit the kobold but do no damage. The kobold barely misses you.
A kobold is nearby!
You closely miss the kobold. The kobold misses you.
A kobold is nearby!
You hit the kobold but do no damage. The kobold hits you with a +0 club.
A kobold is nearby!
You closely miss the kobold. The kobold hits you with a +0 club.
A kobold is nearby!
You hit the kobold but do no damage. The kobold closely misses you.
A kobold is nearby!
You miss the kobold. The kobold closely misses you.
A kobold is nearby!
You hit the kobold.
The kobold is severely wounded.
The kobold hits you with a +0 club.
You are too injured to fight recklessly!
You are too injured to fight recklessly!
You are too injured to fight recklessly!
You are too injured to fight recklessly!
You barely miss the kobold.
The kobold is severely wounded.
The kobold hits you with a +0 club.
You barely miss the kobold.
The kobold is moderately wounded.
The kobold hits you with a +0 club.
You die...

#.<'.####..#####...#...#
########.....###.......#
####. ###.......#...#
.....##.........#...#
........####..###...#
........# ##...†(..#
........# ###.###...#
........# #....###..#
.......@# #..†.#....#
.......K# #....#....#
........# #....#....#
........# #.........#
####..### #....#....#
##. #....#....# ..
#########.# ..# #.# #.##


You could see a kobold.

Vanquished Creatures
  2 giant cockroaches (D:1)
  A goblin (D:1)
  A ball python (D:1)
  A frilled lizard (D:1)
5 creatures vanquished.

Notes
Turn   | Place    | Note
-------+----------+-------------------------------------------
     0 | D:1      | Sin92 the Demonspawn Hedge Wizard began the quest for the
                  | Orb.
     0 | D:1      | Reached XP level 1. HP: 13/13 MP: 4/4
    99 | D:1      | Reached skill level 1 in Translocations
   245 | D:1      | Slain by a kobold

Illustrated notes

Levels and vault maps discovered:
D:1:      sevenhm_arrival_forest_fort_small_3, layout_rooms

Skill      XL: |  1 |
---------------+----+-----
Translocations | 1 |  1.0
Fighting       | |  0.2
Short Blades   | |  0.2
Dodging        | |  1.8
Stealth        | |  1.8
Spellcasting   | |  3.0
Conjurations   | |  1.1
Summonings     | |  1.0

Action                   || total
-------------------------++-------
Melee: Dagger            ||    13
 Cast: Magic Dart        ||    10
 Stab: Sleeping          ||     1
Armor: Robe              ||     1
Dodge: Dodged            ||    11
